 Dungeon Crawl Stone Soup version 0.21.1-1-g345015f (webtiles) character file.

199 diana the Slasher (level 5, -5/41 HPs)
             Began as a Barachi Fighter on June 13, 2018.
             Killed by divine providence
             ... invoked by an orc priest
              (16 damage)
             ... on level 3 of the Dungeon.
             The game lasted 00:03:09 (2784 turns).

diana the Slasher (Barachi Fighter)                 Turns: 2784, Time: 00:03:10

Health: -5/41      AC:  6    Str: 22    XL:     5   Next: 77%
Magic:  5/5        EV: 14    Int:  9    God:
Gold:   88         SH: 10    Dex: 17    Spells: 4/4 levels left

rFire    . . .     SeeInvis .   a - +0 long sword
rCold    . . .     Gourm    .   c - +0 shield
rNeg     . . .     Faith    .   b - +0 scale mail
rPois    .         Spirit   .   (no helmet)
rElec    .         Reflect  .   (no cloak)
rCorr    .         Harm     .   (no gloves)
MR       .....                  (no boots)
Stlth    +.........             (no amulet)
HPRegen  0.13/turn              (no ring)
MPRegen  0.09/turn              (no ring)

@: mighty, agile, slow
A: +LOS, swims, slowness 1, strong legs 1
a: Hop


You were on level 3 of the Dungeon.
You were hungry.

You visited 1 branch of the dungeon, and saw 3 of its levels.

You collected 88 gold pieces.

Inventory:

Hand Weapons
 a - a +0 long sword (weapon)
Armour
 b - a +0 scale mail (worn)
 c - a +0 shield (worn)
Jewellery
 j - an uncursed amulet of harm {unknown}
Scrolls
 e - 3 scrolls of enchant armour {unknown}
 i - a scroll of blinking {unknown}
 k - 6 scrolls of identify {unknown}
Potions
 d - a potion of might
 h - a potion of lignification
Comestibles
 f - 6 rations


   Skills:
 - Level 3.6 Fighting
 * Level 5.9 Long Blades
 - Level 3.6 Armour
 + Level 3.1 Dodging
 - Level 3.2 Shields


You had 4 spell levels left.
You didn't know any spells.

Dungeon Overview and Level Annotations

Branches:
Dungeon (3/15)

Altars:
Qazlal
Yredelemnul


Innate Abilities, Weirdness & Mutations

Shadows flee at your approach. (+LOS)
You can swim through water.
You cover ground slowly.
You can hop short distances.


Message History

You are too injured to fight recklessly!
You feel very mighty all of a sudden. You block the orc wizard's attack.
It was a potion of agility.
You feel agile all of a sudden.
The orc wizard mumbles some strange words.
The orc wizard seems to speed up.
You hit the orc wizard.
The orc wizard is severely wounded.
You block the orc wizard's attack.
The orc wizard gestures at you while chanting.
The puff of flame hits you!
* * * LOW HITPOINT WARNING * * *
You barely miss the orc wizard.
The orc wizard is severely wounded.
The orc wizard barely misses you.
You riposte.
You barely miss the orc wizard.
The orc wizard is severely wounded.
The orc priest invokes the aid of Beogh against you.
Beogh smites you!
You die... ..... ..... (.. . ... ##. ooo

#.. #o# #.# #{# #.#
##########o# ####
#.#
#........#@#......
#.# #.######.....#
##.###.# #......#
#...##.######.....##
#.#..............##
#...##.######.#.#.#
#.####.# #.#.#..#
##.####.# #.#.#.#.#
.....##.. ..#.#....


You could see an orc priest, an orc wizard and 3 orcs.

Vanquished Creatures
  A bullfrog (D:3)
  An orc wizard (D:3)
  4 adders
  2 oozes (D:1)
  A leopard gecko (D:1)
  7 orcs (D:3)
  5 bats
  2 giant cockroaches (D:2)
  5 goblins
  9 hobgoblins
  A quokka (D:3)
  2 frilled lizards (D:2)
  8 kobolds
  8 rats
56 creatures vanquished.

Notes
Turn   | Place    | Note
-------+----------+-------------------------------------------
     0 | D:1      | diana the Barachi Fighter began the quest for the Orb.
     0 | D:1      | Reached XP level 1. HP: 18/18 MP: 1/1
    43 | D:1      | Reached skill level 3 in Long Blades
    43 | D:1      | Reached XP level 2. HP: 16/24 MP: 2/2
    57 | D:1      | Reached skill level 1 in Dodging
   615 | D:1      | Reached XP level 3. HP: 28/29 MP: 3/3
  1021 | D:2      | Found a stormy altar of Qazlal.
  1044 | D:2      | Reached skill level 4 in Long Blades
  1348 | D:2      | Reached XP level 4. HP: 12/36 MP: 4/4
  2394 | D:3      | Noticed a bullfrog
  2401 | D:3      | Killed a bullfrog
  2401 | D:3      | Reached skill level 5 in Long Blades
  2401 | D:3      | Reached XP level 5. HP: 27/41 MP: 5/5
  2720 | D:3      | Found a basalt altar of Yredelemnul.
  2784 | D:3      | Killed from afar by an orc priest

Skill      XL: |  1  2  3  4  5 |
---------------+----------------+-----
Long Blades    | 3 4 5 |  5.9
Dodging        | 1 2 3 |  3.1
Fighting       | |  3.6
Armour         | |  3.6
Shields        | |  3.2

Action                   |  1- 3 |  4- 6 || total
-------------------------+-------+-------++-------
Melee: Long sword        |   138 |   154 ||   292
  Use: Potion            |     1 |     5 ||     6
  Eat: Chunk             |     2 |     5 ||     7
Armor: Scale mail        |    62 |    47 ||   109
       Skin              |    12 |       ||    12
Dodge: Dodged            |    39 |    58 ||    97
Block: Shield            |    68 |    78 ||   146
       Rpst.: Long sword |    17 |    18 ||    35
